 Dungeon Crawl Stone Soup version 0.24-a0-585-g5c5dc1b5cb (webtiles) character file.

Game seed: 14552014470581177505, levelgen mode: deterministic

9446 Flugkiller the Zephyrmancer (level 11, -2/48 HPs)
             Began as a Tengu Air Elementalist on Sept 7, 2019.
             Was an Elder of Sif Muna.
             Killed from afar by an ogre mage (19 damage)
             ... with a bolt of fire
             ... on level 10 of the Dungeon.
             The game lasted 00:23:12 (11964 turns).

Flugkiller the Zephyrmancer (TeAE)                 Turns: 11964, Time: 00:23:13

Health: -2/48      AC: 10    Str: 11    XL:     11   Next: 46%
Magic:  6/32       EV: 15    Int: 21    God:    Sif Muna [****..]
Gold:   583        SH:  0    Dex: 18    Spells: 10/25 levels left

rFire    . . .     SeeInvis .   K - +2 demon trident (venom)
rCold    . . .     Gourm    .   (no shield)
rNeg     . . .     Faith    +   N - +2 robe {MR+}
rPois    .         Spirit   .   D - +1 hat
rElec    +         Reflect  .   E - +1 cloak of Heresy {rElec Str+2 Dex+3}
rCorr    .         Harm     .   o - +2 pair of gloves
MR       +....                  (boots unavailable)
Stlth    ++........             i - amulet of faith
HPRegen  0.16/turn              p - +3 ring of intelligence
MPRegen  0.23/turn              h - ring of magical power (curse)

@: flying quickly and evasively, starving, quick
A: beak, talons 3, frail 1, wild magic 1, able to fly
a: Stop Flying, Channel Magic, Forget Spell, Divine Exegesis, Renounce Religion


You were on level 10 of the Dungeon.
You worshipped Sif Muna.
Sif Muna was greatly pleased with you.
You were starving.

You visited 1 branch of the dungeon, and saw 10 of its levels.
You also visited: Bailey.

You collected 583 gold pieces.

Inventory:

Hand Weapons
 f - a +0 dagger
   (You took it off a goblin on level 1 of the Dungeon)
 K - a +2 demon trident of venom (weapon)
   (You took it off a hobgoblin in a bailey)
Missiles
 w - 32 poisoned darts (quivered)
Armour
 o - a +2 pair of gloves (worn)
   (You found it on level 2 of the Dungeon)
 u - a +2 cloak
   (You found it on level 4 of the Dungeon)
 D - a +1 hat (worn)
   (You found it on level 10 of the Dungeon)
 E - the +1 cloak of Heresy (worn) {rElec Str+2 Dex+3}
   (You found it on level 7 of the Dungeon)

   It affects your strength (+2).
   It affects your dexterity (+3).
   It insulates you from electricity.
 N - a +2 robe of magic resistance (worn)
   (You found it in a bailey)
Jewellery
 h - a cursed ring of magical power (right hand)
   (You found it on level 1 of the Dungeon)
 i - an amulet of faith (around neck)
   (You found it on level 2 of the Dungeon)
 p - a +3 ring of intelligence (left hand)
   (You found it on level 2 of the Dungeon)
 F - an uncursed ring of see invisible {unknown}
   (You found it on level 7 of the Dungeon)
Wands
 k - a wand of paralysis (11)
   (You found it on level 2 of the Dungeon)
 H - a wand of acid (2)
   (You found it on level 8 of the Dungeon)
Scrolls
 e - 4 scrolls of teleportation
 g - 10 scrolls of remove curse
 j - a scroll of blinking
 l - 3 scrolls of amnesia
 m - 2 scrolls of noise {unknown}
 n - a scroll of magic mapping
 r - a scroll of fear
 y - a scroll of summoning {unknown}
 A - a scroll of immolation {unknown}
 B - 5 scrolls of enchant armour
 C - a scroll of fog {unknown}
 L - a scroll of acquirement
Potions
 a - a potion of lignification {unknown}
 b - 3 potions of heal wounds
 d - a potion of ambrosia {unknown}
 q - 5 potions of curing
 s - 2 potions of haste
 t - a potion of degeneration {unknown}
 v - a potion of mutation
 x - 4 potions of agility
 z - a potion of berserk rage {unknown}
 I - 3 potions of cancellation {unknown}
 J - a potion of might {unknown}
Comestibles
 c - 17 rations


   Skills:
 - Level 2.1 Dodging
 - Level 2.0 Stealth
 + Level 7.5 Spellcasting
 * Level 13.9 Conjurations
 * Level 14.3 Air Magic


You had 10 spell levels left.
You knew the following spells:

 Your Spells              Type           Power        Failure   Level  Hunger
a - Shock                 Conj/Air       ####         1%          1    None
b - Swiftness             Chrm/Air       #####...     1%          2    None
c - Static Discharge      Conj/Air       ######..     1%          3    None
d - Airstrike             Air            ######....   1%          4    ###....
e - Lightning Bolt        Conj/Air       ######....   1%          5    #####..

Your spell library contained the following spells:

 Spells                   Type           Power        Failure   Level  Hunger
 Magic Dart               Conj           ####         1%          1    None
 Throw Frost              Conj/Ice       #####.       1%          2    None
 Mephitic Cloud           Conj/Pois/Air  ######..     1%          3    None
 Conjure Flame            Conj/Fire      #####...     2%          3    None
 Throw Icicle             Conj/Ice       #####...     8%          4    ###....
 Freeze                   Ice            ##..         13%         1    None
 Blink                    Tloc           N/A          19%         2    None
 Call Imp                 Summ           ##......     19%         2    None
 Slow                     Hex            ##......     19%         2    None
 Ozocubu's Armour         Chrm/Ice       ##......     34%         3    None
 Summon Ice Beast         Ice/Summ       ##......     71%         4    ###....


Dungeon Overview and Level Annotations

Branches:
Dungeon (10/15)            Temple (0/1) D:6            Lair (0/6) D:9
    Orc (0/2) D:9          Bailey (visited)

Altars:
Ashenzari
Dithmenos
Elyvilon
Fedhas
Kikubaaqudgha
Okawaru
Qazlal
Sif Muna
Xom
Beogh

Shops:
D:6 (

Annotations:
D:2 Sigmund
D:10 4 runed translucent doors


Innate Abilities, Weirdness & Mutations

You have a beak for a mouth.
You have claws for feet.
You can fly continuously.
You are frail. (-10% HP)
Your spells are a little harder to cast, but a little more powerful.


Message History

You hear an angry hiss.
You hear an angry growl.
You hear two shouts!
Casting: Lightning Bolt (safe; 1% risk of failure)
Confirm with . or Enter, or press ? or * to list all spells.
Aiming: Lightning Bolt (safe; 1% risk of failure)
Press: ? - help, Shift-Dir - straight line You hear a mighty clap of thunder!
The bolt of lightning hits the two-headed ogre!!!
You kill the two-headed ogre!
Sif Muna accepts your kill.
The bolt of lightning hits the two-headed ogre!!
You kill the two-headed ogre!
Sif Muna accepts your kill.
You are near starving!
You hear two shouts!
Unknown command.
You start resting.
The ogre mage is too close now for your liking.
Casting: Lightning Bolt (safe; 1% risk of failure)
Confirm with . or Enter, or press ? or * to list all spells.
Aiming: Lightning Bolt (safe; 1% risk of failure)
Press: ? - help, Shift-Dir - straight line You hear a mighty clap of thunder!
The bolt of lightning hits the ogre mage!!!
The ogre mage is almost dead.
The bolt of lightning misses the ogre mage.
You hear a shout!
You hear an angry growl. x4; You hear a bark!
Casting: Lightning Bolt (safe; 1% risk of failure)
Confirm with . or Enter, or press ? or * to list all spells.
Aiming: Lightning Bolt (safe; 1% risk of failure)
Press: ? - help, Shift-Dir - straight line You hear a mighty clap of thunder!
The bolt of lightning misses the ogre mage.
You are starving!
You hear a bleat!
You hear an angry growl.
The ogre mage points at you and mumbles some strange words.
The bolt of cold hits you!!
Ouch! That really hurt!
* * * LOW HITPOINT WARNING * * *
Unknown command.
Unknown command.
Evoke which item? (* to show all) (? for menu, Esc to quit)
Aiming: Corrosive Bolt
Press: ? - help, Shift-Dir - straight line, f - ogre mage
Aim: an ogre mage, wielding a -1 halberd and wearing a +0 robe (almost dead)
The bolt of acid hits the ogre mage!
The ogre mage is splashed with acid.
The acid corrodes the ogre mage!
The ogre mage is almost dead.
The ogre mage casts a spell at you. The bolt of fire hits you!!
You die...

******,,*,,,,,,#....# #.....#
*,,,,##+#####....# #.....#
*,,,,,.....##....# #.....#
**,,,*#....####..#######.....#
#####*#....##................#
#..^.##....##...#............#
#...........#...#.##########..
#.......O...#...#.............
***####.####..##@..#.............
*,,***#.**###O##...##..........#.
*,,,,,..,,+....#)....###++++####.
*,,,,O).,,#...O#.....#HHhhYH..##.
*,,,....,,#....#O..###YhYhY...##.
*,,.....,,#....'...# #hhhHh...###
**######**##########*#hYh.....#,,
,,,,,,,,,,,,,,,,,,,,*#/.......#,,
,,,,,,,,,,,,,,,,,,,,*##########,,


You could see an ogre mage.

Vanquished Creatures
  Erolcha (D:9)
  3 two-headed ogres (D:10)
  Pikel (D:7)
  An orc sorcerer (Bailey)
  A kobold demonologist (Bailey)
  4 hornets (D:8)
  A yak (D:4)
  A wyvern (D:8)
  A soldier ant (D:10)
  An ice beast (D:6)
  16 orc warriors
  A black bear (D:7)
  3 sky beasts
  A phantom (D:9)
  2 ogres
  2 centaurs (D:6)
  Blork the orc (D:4)
  A bullfrog (D:7)
  2 scorpions
  A wyvern skeleton (D:9)
  2 howler monkeys (D:5)
  5 electric eels (Bailey)
  A bullfrog zombie (D:9)
  5 crimson imps
  A quasit (D:10)
  8 hounds
  Crazy Yiuf (D:6)
  2 jellies
  A bullfrog skeleton (D:7)
  4 centaur skeletons
  6 orc priests
  2 iguanas
  An orc wizard (D:8)
  Terence (D:3)
  5 worker ants
  A hound skeleton (D:4)
  A howler monkey zombie (D:8)
  3 worker ant zombies
  2 howler monkey skeletons
  12 gnolls
  12 adders
  2 shadow imps (D:10)
  An ooze (D:2)
  An adder skeleton (D:5)
  4 worms
  6 leopard geckos
  46 orcs
  2 ball pythons
  6 bats
  6 giant cockroaches
  21 goblins
  16 hobgoblins
  10 jackals
  3 quokkas
  A frilled lizard (D:1)
  A giant cockroach zombie (D:6)
  3 jackal skeletons
  5 kobolds
  2 leopard gecko zombies
  2 quokka zombies (D:6)
  12 rats
271 creatures vanquished.

Notes
Turn   | Place    | Note
-------+----------+-------------------------------------------
     0 | D:1      | Flugkiller the Tengu Air Elementalist began the quest for
                  | the Orb.
     0 | D:1      | Reached XP level 1. HP: 10/10 MP: 4/4
   220 | D:1      | Reached XP level 2. HP: 15/15 MP: 0/6
   688 | D:1      | Reached XP level 3. HP: 19/19 MP: 3/7
   777 | D:1      | Learned a level 2 spell: Swiftness
   781 | D:1      | Learned a level 3 spell: Static Discharge
  1283 | D:2      | Reached skill level 5 in Air Magic
  1535 | D:2      | Reached XP level 4. HP: 24/24 MP: 2/8
  2085 | D:2      | Gained mutation: You can fly continuously. [Tengu growth]
  2085 | D:2      | Reached XP level 5. HP: 27/28 MP: 4/10
  2290 | D:2      | Noticed Sigmund
  2626 | D:3      | Noticed Terence
  2632 | D:3      | Killed Terence
  2632 | D:3      | Reached skill level 6 in Air Magic
  2841 | D:3      | Found a white marble altar of Elyvilon.
  2890 | D:3      | Found a shimmering altar of Xom.
  3178 | D:4      | Reached XP level 6. HP: 11/32 MP: 10/11
  3192 | D:3      | Reached skill level 5 in Conjurations
  3455 | D:4      | Noticed a yak
  3469 | D:4      | Killed a yak
  3469 | D:4      | Reached skill level 7 in Air Magic
  3640 | D:4      | Reached XP level 7. HP: 36/36 MP: 13/13
  3859 | D:4      | Noticed Blork the orc
  3870 | D:4      | Killed Blork the orc
  4043 | D:4      | Learned a level 4 spell: Airstrike
  4540 | D:5      | Entered Level 5 of the Dungeon
  4577 | D:5      | Found a shimmering blue altar of Sif Muna.
  4585 | D:5      | Became a worshipper of Sif Muna the Loreminder
  4614 | D:5      | Reached skill level 8 in Air Magic
  4709 | D:5      | Found a shadowy altar of Dithmenos.
  4742 | D:5      | Reached XP level 8. HP: 41/41 MP: 15/15
  5347 | D:6      | Found a runed translucent door.
  5348 | D:6      | Noticed Crazy Yiuf
  5648 | D:6      | Found a staircase to the Ecumenical Temple.
  5654 | D:6      | Reached skill level 9 in Air Magic
  5728 | D:6      | Found a stormy altar of Qazlal.
  5782 | D:6      | Reached * piety under Sif Muna
  5783 | D:6      | Gained mutation: You are frail. (-10% HP) [potion of
                  | mutation]
  5783 | D:6      | Gained mutation: Your spells are a little harder to cast,
                  | but a little more powerful. [potion of mutation]
  5936 | D:6      | Learned a level 5 spell: Lightning Bolt
  5966 | D:6      | Found Jutegate's Antique Weapon Emporium.
  5999 | D:6      | Found an iron altar of Okawaru.
  6227 | D:6      | Reached skill level 10 in Air Magic
  6227 | D:6      | Reached XP level 9. HP: 40/40 MP: 13/17
  6478 | D:6      | Reached skill level 5 in Spellcasting
  6838 | D:6      | Killed Crazy Yiuf
  6870 | D:7      | Noticed Pikel
  6871 | D:7      | Killed Pikel
  6871 | D:7      | Reached skill level 10 in Conjurations
  6983 | D:7      | Reached skill level 11 in Air Magic
  7105 | D:7      | Reached ** piety under Sif Muna
  7125 | D:7      | Got a polished cloak
  8056 | D:8      | Found a roughly hewn altar of Beogh.
  8298 | D:8      | Reached XP level 10. HP: 45/45 MP: 19/19
  8350 | D:8      | Found a shattered altar of Ashenzari.
  8383 | D:8      | Reached *** piety under Sif Muna
  8383 | D:8      | Reached skill level 12 in Air Magic
  8388 | D:8      | Paralysed by a hornet for 1 turns
  8389 | D:8      | HP: 2/45 [hornet (7)]
  9091 | D:9      | Found a staircase to the Lair.
  9121 | D:9      | Noticed Erolcha
  9143 | D:9      | Killed Erolcha
  9247 | D:9      | Found a staircase to the Orcish Mines.
  9258 | D:9      | Reached skill level 13 in Air Magic
  9733 | D:9      | Found a blossoming altar of Fedhas.
  9733 | D:9      | Found an ancient bone altar of Kikubaaqudgha.
  9969 | D:10     | Entered Level 10 of the Dungeon
  9970 | D:10     | Identified the +1 cloak of Heresy {rElec Str+2 Dex+3} (You
                  | found it on level 7 of the Dungeon)
 10052 | D:10     | Found a flagged portal.
 10058 | Bailey   | Entered a bailey
 10315 | Bailey   | Reached **** piety under Sif Muna
 10430 | Bailey   | Noticed a kobold demonologist
 10431 | Bailey   | Noticed an orc sorcerer
 10458 | Bailey   | Killed a kobold demonologist
 10776 | Bailey   | Killed an orc sorcerer
 10776 | Bailey   | Reached XP level 11. HP: 48/48 MP: 21/22
 11241 | Bailey   | Found an iron altar of Okawaru.
 11270 | Bailey   | Got a pair of encrusted boots
 11814 | D:10     | Found a huge runed translucent gate.
 11815 | D:10     | Found a huge runed translucent gate.
 11817 | D:10     | Found a huge runed translucent gate.
 11854 | D:10     | Found a huge runed translucent gate.
 11927 | D:10     | Noticed a two-headed ogre
 11927 | D:10     | Noticed a two-headed ogre
 11928 | D:10     | Noticed a two-headed ogre
 11929 | D:10     | Killed a two-headed ogre
 11929 | D:10     | Reached skill level 14 in Air Magic
 11939 | D:10     | Noticed an ogre mage
 11945 | D:10     | Killed a two-headed ogre
 11945 | D:10     | Killed a two-headed ogre
 11964 | D:10     | Killed from afar by an ogre mage

Levels and vault maps discovered:
D:1:      lightli_molten_gateway, layout_loops_ring, minmay_distorted
D:2:      layout_basic, corexii_hall_statues_s, kennysheep_generic_room_8,
          uniq_sigmund
D:3:      layout_loops_ring, elyvilon_altar_5, lemuel_crystal_altar,
          uniq_terence
D:4:      layout_cave_pools, serial_co_window_serial, co_window_cross_1,
          co_window_paths_a, co_window_corner_a, co_window_corner_a,
          co_window_paths_a, co_window_2corner, co_window_paths_c,
          co_window_2corner, co_window_broadway_b, co_window_corner_cb,
          co_window_broadway_b, co_window_sun, glass_columns_b, glass_columns_a,
          glass_columns_b, glass_columns_b, glass_columns_b, minmay_small_thing,
          uniq_blork_the_orc
D:5:      lemuel_upstairs_altar, layout_basic, tgw_sif, first_ration,
          grunt_dithmenos_smoke
D:6:      layout_loops_corners, okawaru_gym_becter, lemuel_crystal_altar,
          minmay_temple_entry_water_ring, serial_shops,
          nicolae_shop_competitors_out_of_business, uniq_crazy_yiuf_cottage
D:7:      layout_basic, uniq_pikel
D:8:      minmay_distorted_concentric_squares, layout_rooms,
          kennysheep_mini_moat, special_room [special_room_orc],
          hangedman_pestilent_swarm
D:9:      layout_basic, grunt_temple_overflow_growth_and_decay,
          lair_entry_dummy, david_orc_3, uniq_erolcha
D:10:     lemuel_bear_cage, layout_gridville, enter_bailey_2

Skill      XL: |  1  2  3  4  5  6  7  8  9 10 11 |
---------------+----------------------------------+-----
Conjurations   | 2 3 4 6 7 9 11 13 | 13.9
Air Magic      | 5 6 7 8 10 11 13 14 | 14.3
Spellcasting   | 3 4 5 7 |  7.5
Dodging        | |  2.1
Stealth        | |  2.0

Action                   |  1- 3 |  4- 6 |  7- 9 | 10-12 || total
-------------------------+-------+-------+-------+-------++-------
Melee: Unarmed           |     7 |       |       |       ||     7
       Kick              |     3 |       |       |     2 ||     5
       Peck              |     1 |       |       |     1 ||     2
       Demon trident     |       |       |       |     4 ||     4
 Cast: Shock             |    78 |   130 |   237 |   135 ||   580
       Airstrike         |       |       |    37 |    45 ||    82
       Lightning Bolt    |       |       |     5 |    32 ||    37
Invok: Channel Magic     |       |       |       |     1 ||     1
 Abil: Fly               |       |     1 |       |       ||     1
Evoke: Wand              |       |       |       |     1 ||     1
  Use: Scroll            |       |     7 |     8 |     4 ||    19
       Potion            |       |       |     1 |     2 ||     3
  Eat: Chunk             |     2 |     7 |    20 |    19 ||    48
       Ration            |       |       |       |     1 ||     1
Armor: Robe              |    11 |     7 |    11 |     8 ||    37
Dodge: Dodged            |    30 |    37 |    24 |    32 ||   123

Table legend:
 A = Non-vault XP
 B = Vault XP
 C = Vault XP percentage of total XP
 D = Non-vault monster count
 E = Vault monster count
 F = Vault count percentage of total count
                 A         B        C        D         E       F
            +---------+---------+-------+---------+---------+-------
      Total |    6399 |    7096 |  52.6 |     173 |      98 |  36.2
            +---------+---------+-------+---------+---------+-------
        D:1 |      40 |       2 |   4.8 |      23 |       1 |   4.2
        D:2 |     146 |       1 |   0.7 |      24 |       1 |   4.0
        D:3 |     122 |      36 |  22.8 |      25 |       1 |   3.8
        D:4 |     381 |     313 |  45.1 |      17 |       3 |  15.0
        D:5 |     348 |       0 |   0.0 |      13 |       0 |   0.0
        D:6 |    1266 |      42 |   3.2 |      30 |       1 |   3.2
        D:7 |     360 |     685 |  65.6 |       6 |       1 |  14.3
        D:8 |     379 |    1827 |  82.8 |      18 |      34 |  65.4
        D:9 |     341 |    1545 |  81.9 |       6 |      12 |  66.7
       D:10 |    3016 |       0 |   0.0 |      11 |       0 |   0.0
     Bailey |       0 |    2645 | 100.0 |       0 |      44 | 100.0
            +---------+---------+-------+---------+---------+-------
